 Dungeon Crawl Stone Soup version 0.26.0-3-g156281e41b (webtiles) character file.

Game seed: 6102803658183568048

89 Froggeryz the Skirmisher (level 4, -6/45 HPs)
             Began as a Gargoyle Wanderer on Jan 9, 2021.
             Mangled by an ogre
             ... wielding a +0 giant spiked club
              (10 damage)
             ... on level 2 of the Dungeon.
             The game lasted 00:02:11 (2419 turns).

Froggeryz the Skirmisher (Gargoyle Wanderer)        Turns: 2419, Time: 00:02:11

Health: -6/45      AC: 22    Str: 19    XL:     4   Next: 55%
Magic:  4/4        EV:  2    Int: 10    God:
Gold:   64         SH:  0    Dex:  9    Spells: 3/3 levels left

rFire    . . .     SeeInvis .   d - +0 mace
rCold    . . .     Faith    .   (no shield)
rNeg     + + +     Spirit   .   (armour currently unavailable)
rPois    ∞         Reflect  .   (helmet currently unavailable)
rElec    .         Harm     .   (cloak currently unavailable)
rCorr    .         Rampage  .   (gloves currently unavailable)
Will     .....     NoTele   +   (boots currently unavailable)
Stlth    +.........             (no amulet)
HPRegen  0.15/turn              (no ring)
MPRegen  0.09/turn              (no ring)

@: tree-form
A: negative energy resistance 1, petrification resistance, miasma immunity, AC
+3
a: no special abilities


You were on level 2 of the Dungeon.
You were a tree.
You visited 1 branch of the dungeon, and saw 2 of its levels.

You collected 64 gold pieces.

Inventory:

Hand Weapons
 d - a +0 mace (weapon)
Missiles
 a - 31 bolts
Armour
 j - a +0 ring mail (melded)
 l - a scarf of shadows (melded)
Scrolls
 g - a scroll of teleportation {unknown}
 i - a scroll of enchant weapon {unknown}
 k - a scroll of random uselessness {unknown}
 m - 2 scrolls of identify {unknown}
 o - a scroll of remove curse {unknown}
 p - a scroll of immolation {unknown}
Potions
 b - a potion of cancellation {unknown}
 c - a potion of invisibility {unknown}
 f - a potion of attraction {unknown}
 h - a potion of mutation {unknown}
 n - a potion of curing {unknown}


   Skills:
 - Level 4.3 Fighting
 * Level 3.4 Maces & Flails
 - Level 3.0 Crossbows
 - Level 1.0 Throwing
 + Level 2.3 Armour
 - Level 1.1 Stealth


You had 3 spell levels left.
You didn't know any spells.
Your spell library was empty.

Dungeon Overview and Level Annotations

Branches:
Dungeon (2/15)

Altars:
Vehumet


Innate Abilities, Weirdness & Mutations

You are resistant to torment.
((Your stone body is resilient. (AC +3)))
You are immune to poison.
You resist negative energy. (rN+)
((You are resistant to electric shocks. (rElec)))
((You can survive without breathing.))
You are immune to petrification.
You are immune to miasma.


Message History

You hit the ogre but do no damage.
The ogre is heavily wounded.
The ogre hits you with a +0 giant spiked club!
* * * LOW HITPOINT WARNING * * *
You hit the ogre.
The ogre is heavily wounded.
The ogre hits you but does no damage.
You hit the ogre.
The ogre is severely wounded.
You hit the ogre.
The ogre is almost dead.
The ogre hits you but does no damage.
You completely miss the ogre.
The ogre is almost dead.
The ogre hits you with a +0 giant spiked club!
* * * LOW HITPOINT WARNING * * *
You hit the ogre but do no damage.
The ogre is almost dead.
The ogre hits you with a +0 giant spiked club!
You die...

#####.######.######
#.............#
#............#
#........÷...#
#######...........#
....# #...........#
....# #...........#
....# #.[......)..###
†...# ##..##....♣O..#
....#####†##.######.###
........#..#.#........#
....###.##.# ##.###.###
....# #.# .. ..# ....#
#.# #.. ### ....# #.#
..# ##### #.# # #.#


You could see an ogre.

Vanquished Creatures
  An iguana (D:2)
  3 adders (D:2)
  A worm (D:2)
  2 dart slugs
  5 bats (D:1)
  2 giant cockroaches
  A hobgoblin (D:1)
  2 ball pythons (D:1)
  2 goblins
  6 kobolds
  8 rats
33 creatures vanquished.

Notes
Turn   | Place    | Note
-------+----------+-------------------------------------------
     0 | D:1      | Froggeryz the Gargoyle Wanderer began the quest for the
                  | Orb.
     0 | D:1      | Froggeryz set off with the following items: a +2 hand
                  | crossbow, 23 bolts, a +0 shortbow, 26 arrows, a potion of
                  | lignification, a +0 robe
     0 | D:1      | Reached XP level 1. HP: 16/16 MP: 1/1
   153 | D:1      | Reached XP level 2. HP: 20/20 MP: 2/2
   268 | D:1      | Reached skill level 1 in Armour
  1421 | D:2      | Reached XP level 3. HP: 18/24 MP: 3/3
  2064 | D:2      | Found a radiant altar of Vehumet.
  2103 | D:2      | Reached XP level 4. HP: 3/30 MP: 4/4
  2403 | D:2      | Noticed an ogre
  2419 | D:2      | Mangled by an ogre

Illustrated notes

Levels and vault maps discovered:
D:1:      heliophobic_arrival_dark_side_of_the_moon, layout_rooms,
          serial_co_window_serial, co_window_paths_a,
          co_window_of_opportunity_a, co_window_paths_a,
          co_window_of_opportunity_a, co_window_paths_b, co_window_corner_b,
          co_window_corner_b, co_window_broadway_b, co_window_broadway_a,
          co_window_broadway_c, co_window_2corner, glass_columns_b,
          glass_columns_a, glass_columns_c, glass_columns_c, glass_columns_b,
          hex_intersection
D:2:      layout_basic, lemuel_round_altar, general_overflow_altar,
          kennysheep_generic_room_9

Skill      XL: |  1  2  3 |
---------------+----------+-----
Armour         | 1 2 |  2.3
Maces & Flails | 2 3 |  3.4
Fighting       | |  4.3
Crossbows      | |  3.0
Throwing       | |  1.0
Stealth        | |  1.1

Action                   |  1- 3 |  4- 6 || total
-------------------------+-------+-------++-------
Melee: Mace              |   111 |    14 ||   125
 Fire: Hand crossbow     |    11 |       ||    11
  Use: Potion            |       |     1 ||     1
 Stab: Sleeping          |     1 |       ||     1
Armor: Robe              |    22 |       ||    22
       Ring mail         |    24 |     4 ||    28
       Skin              |       |     2 ||     2
Dodge: Dodged            |    87 |     3 ||    90
